 Dungeon Crawl Stone Soup version 0.19.5 (webtiles) character file.

228 tognito the Chopper (level 5, -3/48 HPs)
             Began as a Minotaur Berserker on Apr 24, 2017.
             Was a Priest of Trog.
             Slain by an ogre
             ... wielding a +0 giant club
              (24 damage)
             ... on level 3 of the Dungeon.
             The game lasted 00:06:26 (2559 turns).

tognito the Chopper (Minotaur Berserker)            Turns: 2559, Time: 00:06:27

Health: -3/48      AC:  7    Str: 22    XL:     5   Next: 71%
Magic:  4/4        EV: 12    Int:  4    God:    Trog [***...]
Gold:   119        SH:  0    Dex: 10    Spells: 0 memorised, 4 levels left

rFire  . . .     SeeInvis .     a - +0 hand axe
rCold  . . .     Gourm    .     k - +0 ring mail
rNeg   . . .     Faith    .     (no shield)
rPois  .         Spirit   .     (helmet restricted)
rElec  .         Reflect  .     i - +1 cloak
rCorr  .         Harm     .     (no gloves)
MR     .....                    (no boots)
Stlth  ..........               (no amulet)
                                (no ring)
                                (no ring)

@: lethally poisoned (-3 -> -4)
A: retaliatory headbutt, horns 2
a: Berserk, Trog's Hand, Burn Spellbooks, Renounce Religion


You were on level 3 of the Dungeon.
You worshipped Trog.
Trog was most pleased with you.
You were not hungry.

You visited 1 branch of the dungeon, and saw 3 of its levels.

You collected 119 gold pieces.

Inventory:

Hand Weapons
 a - a +0 hand axe (weapon)
Missiles
 g - 25 arrows
Armour
 i - a +1 cloak (worn)
 k - a +0 ring mail (worn)
Scrolls
 b - a scroll of fog {unknown}
 e - 5 scrolls of identify {unknown}
 h - a scroll of magic mapping {unknown}
 j - a scroll of enchant armour {unknown}
 m - 2 scrolls of recharging {unknown}
 o - a scroll of immolation {unknown}
 p - a scroll of remove curse {unknown}
Potions
 f - 2 potions of curing
Comestibles
 c - 3 bread rations
 d - 3 meat rations
 l - 4 fruits
 n - a royal jelly


   Skills:
 * Level 5.4 Fighting
 * Level 5.5 Axes
 + Level 3.4 Armour
 + Level 3.2 Dodging


You had 4 spell levels left.
You didn't know any spells.

Dungeon Overview and Level Annotations

Branches:
Dungeon (3/15)

Altars:
Ashenzari
Kikubaaqudgha


Innate Abilities, Weirdness & Mutations

You reflexively headbutt those who attack you in melee.
You have a pair of horns on your head.


Message History

Trog accepts your kill. The bat hits you.
You feel sick. The bat completely misses you. You furiously retaliate!
You headbutt the bat!
You kill the bat!
Trog accepts your kill.
You see here a bat corpse.
You feel sick.
Found a stone staircase leading up.
No target in view!
An ogre comes into view. It is wielding a giant club.
The ogre shouts!
The ogre moves out of view.
Found a scroll labeled JOAQEINITT.
You feel sick. The ogre hits you with a giant club!!
You hit the ogre.
The ogre is lightly wounded.
The ogre hits you with a giant club!!
Ouch! That really hurt!
You die...

..##..##.<.# .....
...........##.....#
..................##
.......##..#.......#
.......###.........#
.......#.)†##......#
#.......)#..#
....#####
.......####.##
#O....... .......#
#..###@.......
.......#
##............
#.(...##
#####.$..<...
##...## #........
##### #........
#........ #........
#########


You could see an ogre.

Vanquished Creatures
  An orc priest (D:3)
  4 adders
  4 gnolls (D:3)
  A howler monkey skeleton (D:3)
  3 worms
  3 dart slugs
  2 leopard geckos
  6 orcs (D:3)
  2 ball pythons
  7 bats
  7 giant cockroaches
  8 goblins
  10 hobgoblins
  12 jackals
  2 quokkas
  4 frilled lizards
  6 kobolds
  8 rats
90 creatures vanquished.

Notes
Turn   | Place    | Note
-------+----------+-------------------------------------------
     0 | D:1      | tognito the Minotaur Berserker began the quest for the Orb.
     0 | D:1      | Reached XP level 1. HP: 19/19 MP: 0/0
    63 | D:1      | Reached XP level 2. HP: 21/27 MP: 1/1
   752 | D:1      | Reached XP level 3. HP: 33/33 MP: 2/2
   945 | D:2      | Reached ** piety under Trog
  1185 | D:2      | Found an ancient bone altar of Kikubaaqudgha.
  1224 | D:2      | Reached XP level 4. HP: 24/41 MP: 3/3
  1754 | D:3      | Reached skill level 5 in Fighting
  1754 | D:3      | Reached skill level 5 in Axes
  1919 | D:3      | Reached *** piety under Trog
  1920 | D:3      | Reached XP level 5. HP: 48/48 MP: 4/4
  1942 | D:3      | HP: 2/48 [gnoll/spear (5)]
  1949 | D:3      | HP: 3/72 [poisoned by a gnoll]
  1955 | D:3      | HP: 1/48 [poisoned by a gnoll]
  1960 | D:3      | HP: 1/48 [poisoned by a gnoll]
  2319 | D:3      | Found a shattered altar of Ashenzari.
  2556 | D:3      | Noticed an ogre
  2559 | D:3      | Slain by an ogre

Skill      XL: |  1  2  3  4 |
---------------+-------------+-----
Fighting       | 4 5 |  5.4
Axes           | 4 5 |  5.5
Armour         | 3 |  3.4
Dodging        | 3 |  3.2

Action                   |  1- 3 |  4- 6 || total
-------------------------+-------+-------++-------
Melee: Hand axe          |    80 |    96 ||   176
       Headbutt          |    12 |    19 ||    31
Invok: Berserk           |       |     2 ||     2
  Use: Potion            |     1 |     4 ||     5
  Eat: Chunk             |     1 |     6 ||     7
Armor: Animal skin       |    16 |     9 ||    25
       Ring mail         |       |    38 ||    38
Dodge: Dodged            |    67 |    71 ||   138
